 Dungeon Crawl Stone Soup version 0.16-a0-3330-g2931290 (webtiles) character file.

23515 4tharraofdagon the Cleaver (level 13, 0/92 HPs)
             Began as an Octopode Berserker on Dec 28, 2014.
             Was a High Priest of Trog.
             Slain by an unseen horror (8 damage)
             ... on level 12 of the Dungeon.
             The game lasted 01:31:05 (8491 turns).

4tharraofdagon the Cleaver (Octopode Berserker)     Turns: 8491, Time: 01:31:05

Health: 0/92       AC:  1    Str: 23    XL:     13   Next: 7%
Magic:  22/22      EV: 12    Int: 10    God:    Trog [*****.]
Gold:   443        SH: 20    Dex: 11    Spells: 0 memorised, 12 levels left

rFire  . . .     SeeInvis .     E - +4 morningstar of Karma {flame, Str+2}
rCold  . . .     Clarity  .     C - +8 shield "Wiysioj" {rN+}
rNeg   + . .     SustAb   .     (helmet restricted)
rPois  .         Gourm    .     (no amulet)
rElec  .         Spirit   .     (no ring)
rCorr  .         Warding  .     (no ring)
rMut   .         Stasis   .     (no ring)
MR     ++...                    (no ring)
Stlth  ++........               (no ring)
                                (no ring)
                                (no ring)
                                (no ring)

@: regenerating, very resistant to hostile enchantments, unstealthy
A: almost no armour, amphibious, 8 rings, constrict 8, camouflage 1, gelatinous
body 1
a: Burn Spellbooks, Berserk, Trog's Hand, Brothers in Arms, Renounce Religion


You were on level 12 of the Dungeon.
You worshipped Trog.
Trog was extremely pleased with you.
You were hungry.

You visited 2 branches of the dungeon, and saw 16 of its levels.
You visited the Abyss 1 time.
You also visited: Ossuary.

You collected 1631 gold pieces.
You spent 1188 gold pieces at shops.

Inventory:

Hand weapons
 a - a +0 flail of protection
 n - a +1 flail of holy wrath
 E - the +4 morningstar of Karma (weapon) {flame, Str+2}
   (You found it on level 8 of the Dungeon)

   It emits flame when wielded, causing extra injury to most foes and up to half
   as much damage over again against particularly susceptible opponents.
   It affects your strength (+2).
 F - a +0 blowgun
 G - a +2 battleaxe of freezing
 L - a +0 blowgun
 Z - a +2 antimagic battleaxe
Missiles
 i - 3 throwing nets
 j - 2 javelins (quivered)
 m - 13 curare-tipped needles
 J - 2 silver javelins
Armour
 C - the +8 shield "Wiysioj" (worn) {rN+}
   (You bought it in a shop on level 11 of the Dungeon)

   It protects you from negative energy.
Jewellery
 o - an uncursed amulet of stasis
 H - an uncursed ring of teleportation
 I - a cursed amulet of inaccuracy
Magical devices
 u - a wand of draining (4)
 v - a wand of cold (0)
 A - a wand of cold (2)
 N - a wand of confusion (37)
 P - a wand of teleportation (2)
 U - a wand of paralysis (15)
 Y - a wand of disintegration (9)
Scrolls
 g - 2 scrolls of immolation
 l - 3 scrolls of teleportation
 q - 2 scrolls of noise
 r - 2 scrolls of enchant armour
 M - 2 scrolls of magic mapping
 O - 5 scrolls of remove curse
Potions
 b - a potion of heal wounds
 d - 5 potions of curing
 e - 2 potions of flight
 k - a potion of restore abilities
 p - 2 potions of invisibility
 s - a potion of brilliance
 t - a potion of cure mutation
 w - 2 potions of lignification {unknown}
 x - 3 potions of berserk rage {unknown}
 z - 2 potions of agility
 T - 2 potions of degeneration
Books
 h - Ts'ui Pên's Volume of Forking Paths
   (You found it on level 11 of the Dungeon)

   Spells                             Type                      Level
   a - Confusing Touch                Hexes                        2
   b - Cause Fear                     Hexes                        4
   Trog disapproves of the use of such an item.
 W - the Papyrus of Dhcmrlchtdj
   (You found it on level 11 of the Dungeon)

   Spells                             Type                      Level
   a - Sure Blade                     Hexes/Charms                 2
   b - Excruciating Wounds            Charms/Necromancy            5
   Trog disapproves of the use of such an item.
 X - the Volume of Plaster Cramp
   (You found it on level 11 of the Dungeon)

   Spells                             Type                      Level
   a - Sandblast                      Earth                        1
   b - Iron Shot                      Conjuration/Earth            6
   Trog disapproves of the use of such an item.
Miscellaneous
 y - a plain deck of defence
 B - a plain deck of wonders
 K - a crystal ball of energy
Comestibles
 c - 3 bread rations
 f - 2 meat rations


   Skills:
 - Level 10.0 Fighting
 - Level 11.8(13.3) Axes
 + Level 10.6(12.7) Maces & Flails
 - Level 4.0 Dodging
 * Level 9.9 Shields
 - Level 6.4 Evocations


You had 12 spell levels left.
You didn't know any spells.

Dungeon Overview and Level Annotations

Branches:
Dungeon (12/15)            Temple (0/1) D:4            Lair (0/8) D:8
    Orc (4/4) D:11            Elf (0/3) Orc:4

Altars:
Cheibriados
Dithmenos
Elyvilon
Fedhas
Nemelex Xobeh
Trog
Vehumet
Xom
Zin
The Shining One

Shops:
D:4 ?   D:8 =   D:9 *   D:11 =[   Orc:3 %   Orc:4 %:}:

Annotations:
D:7 Menkaure
D:8 exclusion: fire drake
D:9 Inkie's ghost, experienced OpWz
D:10 Kemay's ghost, experienced OpTm


Innate Abilities, Weirdness & Mutations

You cannot wear most types of armour.
You are amphibious.
You can wear up to eight rings at the same time.
You can use your tentacles to constrict many enemies at once.
Your skin changes colour to match your surroundings (Stealth).
Your rubbery body absorbs attacks (AC +1).


Message History

Use which ability? (? or * to list)
Your skin crawls.
You feel resistant to hostile enchantments.
You are feeling hungry.
You close the door.
You block its attack.
Eat which item? (? for menu, Esc to quit)
Okay, then.
Something hits you! You block its attack. You block its attack.
Something hits you! Something hits you.
You hit something. You burn something. Something hits you. Something hits you.
You puncture something! You burn something. Something hits you!
* * * LOW HITPOINT WARNING * * *
Something hits you.
* * * LOW HITPOINT WARNING * * *
You closely miss something. Something hits you!
* * * LOW HITPOINT WARNING * * *
Something hits you!
You die...

... #......#####.#
..... #..........#
.....####.......<#.#
.....Z..........###
#.......#.......#
#.......########
#..............
#.####+############
#.?......@.........
##.###.############
#.# #.# #.# #.# #.#
#+#


There were no monsters in sight!

Vanquished Creatures
  2 ogre magi (Orc:4)
  A hydra (D:11)
  Urug (D:11)
  Erolcha (D:8)
  A deep troll (Orc:4)
  Pikel (D:9)
  4 hill giants
  2 wizards (D:11)
  2 cyclopes (Orc:4)
  An orc sorcerer (Orc:1)
  Maurice (Orc:2)
  A kobold demonologist (D:12)
  An efreet (D:10)
  10 trolls
  Sonja (Orc:4)
  6 two-headed ogres (Orc:4)
  3 slime creatures (D:11)
  A wraith (D:11)
  Eustachio (D:4)
  3 deep elf magi
  A wyvern (D:8)
  A steam dragon (D:9)
  3 wargs
  13 orc warriors
  2 slaves (D:9)
  An eye of draining (D:10)
  A phantom (D:12)
  A sky beast (D:10)
  23 ogres
  5 centaurs
  2 big kobolds
  Sigmund (D:4)
  4 elf zombies (Ossuary)
  5 giant frogs
  4 killer bees (D:7)
  3 scorpions
  9 wights
  2 crimson imps
  4 human zombies (Ossuary)
  5 centaur zombies
  15 orc priests
  6 worker ants
  A centaur skeleton (D:7)
  A giant frog skeleton (D:11)
  A jelly (D:11)
  5 hounds
  27 orc wizards
  5 iguanas
  A killer bee zombie (D:6)
  2 hound skeletons
  3 mummies (Ossuary)
  Robin (D:3)
  4 gnolls (D:3)
  6 adders
  A giant mite (D:11)
  5 shadow imps
  An ufetubus (D:12)
  2 adder skeletons (D:4)
  A giant gecko (D:2)
  2 oozes
  151 orcs
  2 ball pythons
  12 bats
  A bat skeleton (D:7)
  8 giant cockroaches
  19 goblins
  24 hobgoblins
  3 quokkas
  A giant gecko skeleton (D:4)
  3 giant newts
  15 jackals
  12 kobolds
  A quokka zombie (D:7)
  11 rats
487 creatures vanquished.

Vanquished Creatures (collateral kills)
  Harold (Orc:3)
  A hill giant (D:10)
  A deep troll (Orc:4)
  A troll (Orc:4)
  2 orc warriors
  A hound (D:10)
  A worker ant (D:11)
  3 orcs
  A goblin (Orc:4)
12 creatures vanquished.

Vanquished Creatures (others)
  A two-headed ogre (Orc:4)
  2 ogres
  A worm (D:4)
  A giant gecko (D:3)
  An orc (Orc:4)
  A ball python (D:4)
  2 giant cockroaches (D:4)
  A hobgoblin (D:9)
  2 jackals (D:3)
  A bat (D:10)
13 creatures vanquished.

Grand Total: 512 creatures vanquished

Notes
Turn   | Place    | Note
--------------------------------------------------------------
     0 | D:1      | 4tharraofdagon, the Octopode Berserker, began the quest for the Orb.
     0 | D:1      | Reached XP level 1. HP: 16/16 MP: 1/1
    44 | D:1      | Reached XP level 2. HP: 11/21 MP: 2/2
   138 | D:2      | Acquired Trog's second power
   340 | D:1      | Reached XP level 3. HP: 22/26 MP: 3/3
   421 | D:1      | You fall through a shaft!
   514 | D:3      | Found a radiant altar of Vehumet.
   588 | D:3      | Found a glowing golden altar of the Shining One.
   648 | D:3      | Noticed Robin
   655 | D:3      | Killed Robin
   659 | D:3      | Reached XP level 4. HP: 23/31 MP: 4/4
   706 | D:3      | Reached skill level 4 in Axes
   841 | D:3      | Reached XP level 5. HP: 29/36 MP: 5/5
   974 | D:4      | Found Woz Nahuyf's Magic Scroll Emporium.
   986 | D:4      | Bought a scroll of teleportation for 33 gold pieces
   986 | D:4      | Bought a scroll of noise for 11 gold pieces
  1010 | D:4      | Found a staircase to the Ecumenical Temple.
  1041 | D:4      | Acquired Trog's third power
  1058 | D:4      | Noticed Eustachio
  1064 | D:4      | Killed Eustachio
  1064 | D:4      | Reached skill level 5 in Axes
  1064 | D:4      | Reached XP level 6. HP: 44/44 MP: 6/6
  1191 | D:4      | Found a shadowy altar of Dithmenos.
  1191 | D:4      | Noticed a phantom
  1196 | D:4      | Noticed Sigmund
  1299 | D:4      | Found a shimmering altar of Xom.
  1301 | D:4      | ill tentacle you to death!
  1311 | D:4      | Killed Sigmund
  1314 | D:4      | Reached XP level 7. HP: 49/49 MP: 7/7
  1353 | D:5      | Entered Level 5 of the Dungeon
  1384 | D:5      | Reached skill level 6 in Axes
  1385 | D:5      | Reached skill level 5 in Fighting
  1448 | D:5      | Found a sparkling altar of Nemelex Xobeh.
  1569 | D:5      | HP: 1/75 [centaur/arrow (14)]
  1679 | D:5      | Reached skill level 7 in Axes
  1747 | D:5      | Reached XP level 8. HP: 10/57 MP: 8/8
  1882 | D:5      | Found a glowing silver altar of Zin.
  2133 | D:6      | Reached skill level 8 in Axes
  2366 | D:7      | Found a sparkling altar of Nemelex Xobeh.
  2387 | D:7      | no
  2511 | D:7      | Found a white marble altar of Elyvilon.
  2589 | D:7      | Reached skill level 9 in Axes
  2632 | D:7      | Noticed Menkaure
  2638 | D:7      | Found a sand-covered staircase.
  2649 | Ossuary  | Entered an ossuary
  2665 | Ossuary  | Reached XP level 9. HP: 56/63 MP: 9/9
  2806 | Ossuary  | Reached skill level 10 in Axes
  2938 | D:7      | Found a snail-covered altar of Cheibriados.
  3000 | D:8      | Noticed a fire drake
  3017 | D:8      | Noticed Erolcha
  3032 | D:8      | Killed Erolcha
  3036 | D:8      | Got a polished morningstar
  3045 | D:8      | Identified the +4 morningstar of Karma {flame, Str+2} (You found it on level 8 of the Dungeon)
  3094 | D:8      | Found a staircase to the Lair.
  3146 | D:8      | Reached skill level 11 in Axes
  3192 | D:8      | Found Zystrif's Jewellery Shoppe.
  3224 | D:8      | Reached XP level 10. HP: 72/72 MP: 10/10
  3317 | D:8      | Bought a cursed ring of teleportation for 174 gold pieces
  3317 | D:8      | Bought a cursed amulet of inaccuracy for 24 gold pieces
  3355 | D:9      | Noticed a hill giant
  3364 | D:9      | Reached skill level 1 in Evocations
  3366 | D:9      | Killed a hill giant
  3431 | D:9      | Noticed Inkie's ghost (experienced OpWz)
  3498 | D:9      | Found Voifefev's Demolitions Depot.
  3528 | D:9      | Noticed Pikel
  3535 | D:9      | Killed Pikel
  3684 | D:10     | Entered Level 10 of the Dungeon
  3706 | D:10     | Reached skill level 1 in Maces & Flails
  3706 | D:10     | Reached skill level 1 in Shields
  3894 | D:10     | Received a gift from Trog
  3909 | D:10     | Noticed a hill giant
  3914 | D:10     | Killed a hill giant
  4099 | D:10     | Noticed Kemay's ghost (experienced OpTm)
  4100 | D:10     | Found a blossoming altar of Fedhas.
  4101 | D:10     | Noticed a hill giant
  4132 | D:10     | Killed a hill giant
  4132 | D:10     | Reached XP level 11. HP: 46/80 MP: 18/18
  4217 | D:11     | Noticed Urug
  4225 | D:11     | Killed Urug
  4225 | D:11     | Reached skill level 5 in Maces & Flails
  4430 | D:11     | Noticed a wizard
  4434 | D:11     | Killed a wizard
  4462 | D:11     | Identified the Papyrus of Dhcmrlchtdj (You found it on level 11 of the Dungeon)
  4475 | D:11     | Identified the Volume of Plaster Cramp (You found it on level 11 of the Dungeon)
  4482 | D:11     | Noticed a wizard
  4488 | D:11     | Cast into the Abyss (a wizard)
  4597 | Abyss:1  | Noticed an ophan
  4685 | D:11     | Escaped the Abyss
  4695 | D:11     | Killed a wizard
  4695 | D:11     | Reached skill level 5 in Evocations
  4705 | D:11     | Identified Ts'ui Pên's Volume of Forking Paths (You found it on level 11 of the Dungeon)
  4768 | D:11     | Found Tiox's Jewellery Shop.
  4781 | D:11     | Noticed a six-headed hydra
  4789 | D:11     | Killed a six-headed hydra
  4855 | D:11     | Found a staircase to the Orcish Mines.
  4856 | D:11     | Found Fesimpet's Armour Shoppe.
  5018 | D:11     | lets do it
  5019 | Orc:1    | Entered Level 1 of the Orcish Mines
  5020 | Orc:1    | FLASHYYN
  5688 | Orc:2    | Reached skill level 5 in Shields
  5724 | Orc:2    | Received a gift from Trog
  5793 | Orc:3    | Found Twi Hiuz's Food Emporium.
  5974 | Orc:3    | Noticed Harold
  6031 | Orc:3    | Killed Harold
  6031 | Orc:3    | Reached XP level 12. HP: 82/87 MP: 21/21
  6174 | Orc:2    | Noticed Maurice
  6188 | Orc:2    | Killed Maurice
  6348 | Orc:3    | Reached skill level 10 in Fighting
  6412 | Orc:4    | Entered Level 4 of the Orcish Mines
  6412 | Orc:4    | Found a staircase to the Elven Halls.
  6412 | Orc:4    | Noticed Sonja
  6421 | Orc:4    | Killed Sonja
  6464 | Orc:4    | Found Biuw's Gadget Shoppe.
  7086 | Orc:4    | Found Clashunk's Book Shop.
  7163 | Orc:4    | Noticed an ogre mage
  7175 | Orc:4    | Killed an ogre mage
  7334 | Orc:4    | Found a bloodstained altar of Trog.
  7372 | Orc:4    | Received a gift from Trog
  7401 | Orc:4    | Reached skill level 10 in Maces & Flails
  7624 | Orc:4    | Noticed an ogre mage
  7633 | Orc:4    | Killed an ogre mage
  7648 | Orc:4    | Found Loqines' Book Shoppe.
  7712 | Orc:4    | Found Zejiezom's Food Emporium.
  7874 | Orc:4    | Reached XP level 13. HP: 77/92 MP: 22/22
  8155 | D:11     | Bought the +8 shield "Wiysioj" {rN+} for 946 gold pieces
  8491 | D:12     | Slain by an unseen horror

Action                   |  1- 3 |  4- 6 |  7- 9 | 10-12 | 13-15 || total
-------------------------+-------+-------+-------+-------+-------++-------
Melee: Hand axe          |    66 |    72 |   183 |       |       ||   321
       Morningstar       |       |       |    12 |   508 |    56 ||   576
       Battleaxe         |       |       |    11 |    16 |       ||    27
Throw: Javelin           |       |     1 |     2 |     2 |       ||     5
Invok: Berserk           |     2 |     4 |    13 |    31 |     1 ||    51
       Trog's Hand       |     1 |     2 |    10 |    35 |     1 ||    49
       Brothers in Arms  |       |       |       |     6 |       ||     6
 Abil: Evoke Teleportati |       |       |       |     4 |       ||     4
Evoke: Wand              |       |       |       |    10 |       ||    10
  Use: Potion            |     1 |       |     1 |     4 |       ||     6
       Scroll            |       |       |    15 |     9 |     1 ||    25
 Stab: Sleeping          |     2 |     3 |     3 |     1 |       ||     9
       Distracted        |       |       |       |     1 |       ||     1
  Eat: Fruit             |       |     3 |       |       |       ||     3
       Chunk             |       |     3 |    13 |    41 |     3 ||    60
       Pizza             |       |     1 |       |     1 |       ||     2
       Bread ration      |       |       |     2 |     3 |       ||     5
       Beef jerky        |       |       |       |     1 |       ||     1

Vault maps used:
D:1:      lemuel_arrival_tunnels, hangedman_feature_mirror, ashenzari_altar_1
D:3:      nicolae_tso_swordbearing_angel, fiery_altar_vehumet, minivault_4,
          uniq_robin
D:4:      grunt_dithmenos_shadows, minmay_temple_entry_hall, serial_shops, shop,
          minmay_misc_feat_iff, xom_confusion_cloud, uniq_sigmund,
          uniq_eustachio
D:5:      lemuel_doored_altar, zin_treasury, first_bread
D:7:      elyvilon_altar_4, beetle_altar_1, enter_ossuary_1, grunt_ogre_cave,
          nemelex_deck, uniq_menkaure
D:8:      minmay_lair_entry_lava, serial_shops, shop, uniq_erolcha, uniq_duvessa
D:9:      wad_pebble_path, nicolae_blasting_shop, uniq_pikel
D:10:     minivault_25, fedhas_bush_and_centaur_altar
D:11:     orc_david_3, serial_shops, nicolae_shop_waterfront,
          bh_hangedman_babel_library, uniq_urug
D:12:     special_room
Orc:2:    uniq_maurice
Orc:3:    serial_shops, shop, nicolae_orc_pool_cavern, uniq_harold
Orc:4:    nicolae_orc_accident_3, st_orc_open, trog_book, uniq_sonja
Ossuary:  ossuary_minmay_four_chambers
